 Dungeon Crawl Stone Soup version 0.31.0-12-g77e489cdc1 (webtiles) character file.

Game seed: 3596141569488727421

2130 Doomgape the Fighter (level 9, -5/60 HPs)
             Began as a Gargoyle Fighter on Feb 19, 2024.
             Slain by an efreet
             ... wielding a +2 scimitar of flaming
              (6 damage)
             ... on level 8 of the Dungeon on Feb 21, 2024.
             The game lasted 00:14:56 (5111 turns).

Doomgape the Fighter (Gargoyle Fighter)             Turns: 5111, Time: 00:14:56

Health: -5/60      AC: 20    Str: 24    XL:     9   Next: 30%
Magic:  9/9        EV:  7    Int:  9    God:
Gold:   228        SH:  4    Dex:  9    Spells: 8/8 levels left

rFire   . . .        i - +0 morningstar
rCold   . . .        c - +0 buckler
rNeg    + . .        h - +0 plate armour
rPois   ∞            (no helmet)
rElec   +            (no cloak)
rCorr   .            (no gloves)
SInv    .            (no boots)
Will    .....        (no amulet) Stlth
                     (no ring)
HPRegen 0.30/turn    (no ring)
MPRegen 0.11/turn

%: no passive effects
@: studying Maces & Flails
A: sickness immunity, AC +6, negative energy resistance 1, electricity
resistance, torment resistance 1, petrification resistance
a: no special abilities


You were on level 8 of the Dungeon.
You visited 1 branch of the dungeon, and saw 6 of its levels.

You collected 228 gold pieces.

Inventory:

Hand Weapons
 i - a +0 morningstar (weapon)
Armour
 c - a +0 buckler (worn)
 h - a +0 plate armour (worn)
Wands
 e - a wand of iceblast (10)
 j - a wand of flame (31)
 o - a wand of acid (7)
Scrolls
 a - 5 scrolls of identify
 b - a scroll of torment
 g - 2 scrolls of teleportation {unknown}
 k - a scroll of amnesia
Potions
 d - a potion of might
 f - a potion of curing
 l - a potion of brilliance {unknown}
 m - a potion of ambrosia


   Skills:
 - Level 8.3 Fighting
 + Level 8.0 Maces & Flails
 - Level 8.3 Armour
 + Level 3.2 Shields


You had 8 spell levels left.
You didn't know any spells.
Your spell library contained the following spells:

 Spells                   Type           Power      Damage    Failure   Level
 Mercury Vapours          Alch/Air       0%         N/A       100%        2
 Dazzling Flash           Conj/Hex       0%         N/A       100%        3
 Hailstorm                Conj/Ice       0%         3d5       100%        3
 Mephitic Cloud           Conj/Alch/Air  0%         N/A       100%        3
 Summon Ice Beast         Ice/Summ       0%         N/A       100%        3
 Curse of Agony           Necr           0%         N/A       100%        5
 Freezing Cloud           Conj/Ice/Air   0%         6-21      100%        5
 Silence                  Hex/Air        0%         N/A       100%        5
 Sculpt Simulacrum        Ice/Alch       0%         N/A       100%        6


Dungeon Overview and Level Annotations

Branches:
Dungeon (8/15)
 Temple: D:4-7         Lair: D:8-11

Altars:


Innate Abilities, Weirdness & Mutations

You are immune to sickness and miasma.
Your stone body is resilient. (AC +6)
You are immune to poison.
You resist negative energy. (rN+)
You are resistant to electric shocks. (rElec)
You are resistant to unholy torment.
You are immune to petrification.


Message History

You barely miss the efreet.
The efreet is moderately wounded.
The efreet hits you with a +2 scimitar of flaming!
The efreet burns you.
You puncture the efreet!
The efreet is heavily wounded.
The efreet hits you but does no damage.
You hit the efreet but do no damage.
The efreet is heavily wounded.
The efreet gestures at you.
The fireball explodes!
The fireball engulfs you!!
* * * LOW HITPOINT WARNING * * *
The fireball engulfs the efreet.
The efreet completely resists.
Unknown command.
Aiming: Iceblast
Press: ? - help, Shift-Dir - straight line, f - efreet
Aim: an efreet, wielding a +2 scimitar of flaming (heavily wounded)
Okay, then.
You barely miss the efreet.
The efreet is heavily wounded.
You block the efreet's attack.
You puncture the efreet!
The efreet is severely wounded.
The efreet hits you but does no damage.
You sock the efreet!
The efreet is almost dead.
You block the efreet's attack.
You barely miss the efreet.
The efreet is almost dead.
The efreet hits you with a +2 scimitar of flaming!
* * * LOW HITPOINT WARNING * * *
The efreet burns you.
* * * LOW HITPOINT WARNING * * *
The efreet gestures at you. The bolt of fire misses you.
You feel better.
The efreet hits you with a +2 scimitar of flaming!
* * * LOW HITPOINT WARNING * * *
The efreet burns you.
You die...

## #.#.###.#.
######..####.#.......
#.⌠.⌠...8#......#..#.
#..§.○.).###.#.##..#.
#.○○R...8###.........
#R####..##..##.#####.
#☼# ### ##.##.#####.
#.###.###.#.##.......
#..R@.##..#.###......
#####.##.##.# #......
#.##.##.###......
#[........#......
#.......#.#......
#.#..##.# #......
#.#.....#.#######
#.#.##..#.#
#.#.......#


You could see an efreet.

Vanquished Creatures
  A hornet (D:8)
  Sigmund (D:3)
  A steam dragon (D:7)
  An acid dragon (D:8)
  A water moccasin (D:7)
  2 ogres
  2 sky beasts
  A centaur (D:7)
  A kobold brigand (D:8)
  4 bullfrogs
  2 scorpions (D:7)
  2 howler monkeys (D:7)
  2 bombardier beetles
  3 orc priests
  3 hounds
  A jelly (D:7)
  Jessica (D:2)
  2 orc wizards
  6 adders
  A ribbon worm (D:2)
  17 orcs
  8 ball pythons
  4 bats
  6 endoplasms
  3 giant cockroaches
  6 goblins
  4 hobgoblins
  4 jackals (D:4)
  13 kobolds
  5 frilled lizards
  7 rats
115 creatures vanquished.

Notes
Turn   | Place    | Note
-------+----------+-------------------------------------------
     0 | D:1      | Doomgape the Gargoyle Fighter began the quest for the Orb.
     0 | D:1      | Reached XP level 1. HP: 14/14 MP: 1/1
   144 | D:1      | Reached XP level 2. HP: 19/19 MP: 2/2
   418 | D:1      | Found a faded altar of an unknown god.
   826 | D:2      | Reached XP level 3. HP: 23/24 MP: 3/3
  1139 | D:2      | Noticed Jessica
  1144 | D:2      | Killed Jessica
  1145 | D:2      | Reached XP level 4. HP: 24/29 MP: 4/4
  1241 | D:2      | Noticed an ogre
  1251 | D:2      | Killed an ogre
  1252 | D:2      | Reached XP level 5. HP: 34/34 MP: 5/5
  2364 | D:3      | Reached skill level 5 in Fighting
  2364 | D:3      | Reached skill level 5 in Armour
  2364 | D:3      | Reached XP level 6. HP: 30/40 MP: 6/6
  2666 | D:3      | Noticed Sigmund
  2675 | D:3      | Killed Sigmund
  2802 | D:4      | Reached XP level 7. HP: 39/44 MP: 7/7
  2913 | D:4      | You fall into a shaft and drop 3 floors!
  2950 | D:7      | Reached skill level 5 in Maces & Flails
  3033 | D:7      | Reached XP level 8. HP: 22/52 MP: 8/8
  3382 | D:7      | Identified the +3 ring mail of the Shore {Harm Rampage
                  | rElec Will- Int-5}
  4260 | D:8      | Identified the +1 cloak of Defence {rN+ Regen+ Slay-4}
  4610 | D:8      | Reached XP level 9. HP: 49/59 MP: 9/9
  4824 | D:8      | Noticed a hornet
  4859 | D:8      | Killed a hornet
  5091 | D:8      | Noticed an efreet
  5111 | D:8      | HP: 1/60 [efreet/+2 scimitar of flaming (12)]
  5111 | D:8      | Slain by an efreet

Illustrated notes

Levels and vault maps discovered:
D:1:      heliophobic_arrival_ceremonial_halls, layout_loops_cross,
          hellmonk_ecumenical_altar_run_dry, chequers_serial_rivers_large_b
D:2:      minmay_general_purpose_star, layout_basic, minmay_misc_feat_room,
          uniq_jessica
D:3:      layout_basic, kennysheep_generic_room_2, uniq_sigmund
D:4:      layout_loops_ring, minmay_temple_entry_purple_smoke
D:7:      layout_cave_pods, minmay_manual_macuahuitl
D:8:      layout_loops_cross, chequers_serial_rivers_micro_c, eino_tiny_chamber,
          small_chamber_with_monster

Skill      XL: |  1  2  3  4  5  6  7  8  9 |
---------------+----------------------------+-----
Fighting       | 4 5 6 7 8 |  8.3
Armour         | 4 5 6 7 8 |  8.3
Maces & Flails | 3 4 5 7 8 |  8.0
Shields        | |  3.2

Action                     |  1- 3 |  4- 6 |  7- 9 || total
---------------------------+-------+-------+-------++-------
  Melee: Flail             |    68 |       |       ||    68
         Morningstar       |     5 |   125 |   261 ||   391
  Evoke: Wand              |       |     1 |       ||     1
    Use: Scroll            |     1 |     6 |       ||     7
         Potion            |       |       |     5 ||     5
 Armour: Scale mail        |    17 |       |       ||    17
         Chain mail        |    21 |       |       ||    21
         Plate armour      |    20 |    98 |   315 ||   433
  Dodge: Dodged            |    24 |    43 |    97 ||   164
  Block: Buckler           |    14 |    24 |    56 ||    94
